 Dungeon Crawl Stone Soup version 0.19.1 (webtiles) character file.

226 Leibowitz the Cutter (level 5, 0/42 HPs)
             Began as a Demigod Gladiator on Nov 23, 2016.
             Slain by a worker ant (6 damage)
             ... on level 3 of the Dungeon.
             The game lasted 00:07:13 (3793 turns).

Leibowitz the Cutter (Demigod Gladiator)            Turns: 3793, Time: 00:07:14

Health: 0/42       AC:  4    Str: 18    XL:     5   Next: 41%
Magic:  7/7        EV: 13    Int: 12    God:
Gold:   73         SH:  0    Dex: 18    Spells: 0 memorised, 4 levels left

rFire  . . .     SeeInvis .     a - +0 rapier
rCold  . . .     Gourm    .     b - +0 leather armour
rNeg   . . .     Faith    .     (no shield)
rPois  .         Spirit   .     c - +0 helmet
rElec  .         Reflect  .     (no cloak)
rCorr  .         Harm     .     (no gloves)
MR     .....                    (no boots)
Stlth  ++........               (no amulet)
                                (no ring)
                                (no ring)

@: lethally poisoned (0 -> -5)
A: high mp 1
a: no special abilities


You were on level 3 of the Dungeon.
You were hungry.

You visited 1 branch of the dungeon, and saw 3 of its levels.

You collected 73 gold pieces.

Inventory:

Hand Weapons
 a - a +0 rapier (weapon)
Missiles
 d - 2 throwing nets (quivered)
 o - 12 poisoned needles
Armour
 b - a +0 leather armour (worn)
 c - a +0 helmet (worn)
Wands
 p - a wand of slowing (26/48)
Scrolls
 e - a scroll of magic mapping {unknown}
 j - 3 scrolls of identify
 l - a scroll of teleportation {unknown}
 m - a scroll of fog {unknown}
 n - a scroll of enchant armour {unknown}
Potions
 i - 3 potions of curing
 q - a potion of haste {unknown}
 r - a potion of flight {unknown}
Comestibles
 f - 2 bread rations
 g - 5 fruits
 h - a beef jerky
 k - 4 meat rations
 s - 2 chunks of flesh


   Skills:
 + Level 2.6 Fighting
 + Level 4.6 Short Blades
 + Level 2.1 Throwing
 + Level 1.5 Armour
 + Level 3.1 Dodging
 + Level 0.8 Stealth


You had 4 spell levels left.
You didn't know any spells.

Dungeon Overview and Level Annotations

Branches:
Dungeon (3/15)

Annotations:
D:3 artanisace's ghost, amateur DsAK


Innate Abilities, Weirdness & Mutations

You have an increased reservoir of magic. (+10% MP)


Message History

You are feeling hungry.
The worker ant bites you.
You hit the worker ant but do no damage.
The worker ant is severely wounded.
The worker ant bites you.
You hit the worker ant.
The worker ant is almost dead.
The worker ant bites you.
* * * LOW HITPOINT WARNING * * *
You are poisoned.
The worker ant poisons you!
You closely miss the worker ant.
The worker ant is almost dead.
You feel sick. The worker ant bites you.
* * * LOW HITPOINT WARNING * * *
Your leather armour prevents you from hitting the worker ant.
The worker ant is almost dead.
* * * LOW HITPOINT WARNING * * *
You feel sick. The worker ant bites you.
You die...

.................### #.
#######..........# #.
#..........# ######.##
##........## ......w.#
##........## ........#
#..........# .....a..#
#..........#
........#######>....)....###
........†.a@................
........#######..........###
........# #.......).####
........# #.............
.....)..#######.)...########
##########.........##
##.#####...###### #..#
#.........### #.##
#.#.#####...#


You could see a worker ant.

Vanquished Creatures
  A hound (D:2)
  A worker ant (D:2)
  4 gnolls (D:2)
  3 adders (D:2)
  An ooze (D:3)
  5 worms
  A dart slug (D:1)
  6 leopard geckos
  3 orcs
  3 ball pythons (D:2)
  A giant cockroach (D:2)
  5 goblins
  9 hobgoblins
  6 jackals (D:1)
  A quokka (D:3)
  8 bats
  2 frilled lizards
  12 kobolds
  12 rats
  A bush (D:3)
85 creatures vanquished.

Notes
Turn   | Place    | Note
-------+----------+-------------------------------------------
     0 | D:1      | Leibowitz the Demigod Gladiator began the quest for the Orb.
     0 | D:1      | Reached XP level 1. HP: 17/17 MP: 3/3
   381 | D:1      | Reached skill level 3 in Short Blades
   381 | D:1      | Reached XP level 2. HP: 21/24 MP: 4/4
  1010 | D:1      | Reached XP level 3. HP: 24/29 MP: 5/5
  1392 | D:2      | Reached XP level 4. HP: 24/36 MP: 6/6
  1546 | D:2      | Reached skill level 4 in Short Blades
  1960 | D:2      | Found a glowing golden altar of the Shining One.
  1984 | D:2      | Found a burning altar of Makhleb.
  2193 | D:3      | Noticed artanisace's ghost (amateur DsAK)
  2205 | D:2      | Reached skill level 1 in Armour
  2724 | D:3      | Reached XP level 5. HP: 42/42 MP: 7/7
  3793 | D:3      | Slain by a worker ant

Skill      XL: |  1  2  3  4 |
---------------+-------------+-----
Throwing       | 2 |  2.1
Short Blades   | 3 4 |  4.6
Fighting       | 2 |  2.6
Dodging        | 3 |  3.1
Armour         | 1 |  1.5
Stealth        | |  0.8

Action                   |  1- 3 |  4- 6 || total
-------------------------+-------+-------++-------
Melee: Rapier            |   124 |   217 ||   341
Throw: Throwing net      |     1 |       ||     1
  Use: Scroll            |     4 |       ||     4
       Potion            |       |     1 ||     1
 Stab: Sleeping          |     3 |     3 ||     6
       Held in net/web   |     1 |       ||     1
  Eat: Chunk             |     1 |     8 ||     9
Armor: Leather armour    |    29 |    33 ||    62
Dodge: Dodged            |   101 |    81 ||   182
